Sharks vs Red Wings
Created - May 2, 2017 at 19:10
Goals
|
| Sharks |
1 |
0 |
1 |
2 |
| Red Wings |
0 |
0 |
1 |
1 |
|
Shots
|
| Sharks |
11 |
5 |
10 |
26 |
| Red Wings |
13 |
6 |
11 |
30 |
|
1st period
1. Sharks , Andrej Sekera 1 (Antoine Vermette 38, Cal Clutterbuck 14) at 9:47
Penalties :
Mike Richards (Det) for Slashing (Minor) at 4:58, Mike Richards (Det) for Diving (Minor) at 11:23, Sean Bergenheim (Det) for Holding (Minor) at 15:57
2nd period
No Goal
Penalties :
David Legwand (SJS) for Roughing (Minor) at 15:31, Mike Brown (Det) for Hooking (Minor) at 18:06
3rd period
2. Red Wings , Steve Downie 14 (Rick Nash 63, Mike Brown 6) at 0:51
3. Sharks , Brad Boyes 37 (David Legwand 57, Kevin Shattenkirk 49) at 6:23
Penalties :
Derek Boogaard (SJS) for Tripping (Minor) at 11:02
Goalie Stats
Mike Brodeur (SJS), 29 saves from 30 shots - (0.967), W, 10-8-1, 60:00 minutes
Ilya Bryzgalov (Det), 24 saves from 26 shots - (0.923), L, 13-13-2, 58:36 minutes
Players Stats for Sharks
Player Name G A P +/- PIM S H SB GA TA FO MP PP MP PK MP
------------------------------------------------------------------------------------
Andrej Sekera 1 0 1 1 0 1 2 0 0 2 0/0 12:30 0:00 0:20
Antoine Vermette 0 1 1 1 0 2 2 0 2 0 5/10 18:12 2:56 1:45
Brad Boyes 1 0 1 1 0 6 0 0 0 0 0/0 22:27 4:54 1:58
Cal Clutterbuck 0 1 1 1 0 0 0 0 0 0 1/2 15:49 2:56 0:00
David Legwand 0 1 1 1 2 5 0 1 2 0 12/28 24:18 4:54 1:01
Derek Boogaard 0 0 0 1 2 1 1 2 0 0 1/1 20:43 4:54 0:48
Erik Cole 0 0 0 -1 0 1 2 0 0 0 0/0 15:13 0:06 0:38
Greg Campbell 0 0 0 -1 0 0 3 0 0 0 1/5 15:06 0:00 1:36
Kevin Shattenkirk 0 1 1 1 0 1 0 3 1 1 0/0 21:16 3:12 1:49
Kim Johnsson 0 0 0 1 0 0 1 1 0 2 0/0 21:16 3:12 1:49
Lasse Kukkonen 0 0 0 -1 0 3 2 1 3 1 0/0 26:14 4:44 1:49
Mark Streit 0 0 0 1 0 0 0 2 0 0 0/0 12:30 0:00 0:20
Martin Erat 0 0 0 -1 0 1 0 0 0 0 0/0 13:25 0:06 0:00
Mike Green 0 0 0 -1 0 5 4 0 2 0 0/0 26:14 4:44 1:49
Oskar Osala 0 0 0 0 0 0 0 0 0 0 0/1 3:11 0:06 0:00
Ryane Clowe 0 0 0 1 0 0 1 0 0 0 0/0 15:54 2:56 0:00
T.J. Hensick 0 0 0 0 0 0 0 1 0 1 3/4 6:01 0:00 0:10
Tuomo Ruutu 0 0 0 0 0 0 1 0 0 0 0/0 5:41 0:00 0:00
Players Stats for Red Wings
Player Name G A P +/- PIM S H SB GA TA FO MP PP MP PK MP
------------------------------------------------------------------------------------
Adam Henrique 0 0 0 0 0 1 1 0 2 0 0/0 11:03 0:00 0:00
Ales Hemsky 0 0 0 0 0 4 0 0 0 1 1/1 11:06 0:03 0:00
Alex Picard 0 0 0 -1 0 1 0 1 0 0 0/0 10:25 0:03 0:37
Brendan Bell 0 0 0 -1 0 0 3 0 0 0 0/0 13:01 0:00 0:00
Filip Kuba 0 0 0 1 0 1 1 1 0 0 0/0 19:48 1:51 0:00
Jiri Fischer 0 0 0 -1 0 0 0 1 0 1 0/0 21:12 0:00 4:18
Marc Savard 0 0 0 0 0 1 1 0 0 0 4/11 12:53 1:45 0:00
Mike Brown 0 1 1 0 2 1 1 0 1 0 1/1 11:21 0:03 0:48
Mike Richards 0 0 0 -1 4 4 1 0 3 1 11/15 17:32 2:10 0:00
Nate Thompson 0 0 0 -1 0 2 1 0 0 0 2/2 9:45 0:00 0:00
Ole-Kristian Tollefsen 0 0 0 -2 0 2 3 1 0 2 0/0 23:00 2:07 3:38
Phil Kessel 0 0 0 -1 0 1 0 0 1 1 1/2 16:21 2:10 0:00
Rick Nash 0 1 1 1 0 3 1 0 0 0 3/8 20:27 2:10 3:59
Sean Bergenheim 0 0 0 -1 2 2 1 1 0 0 1/1 17:30 1:45 2:46
Shea Weber 0 0 0 1 0 2 1 1 0 2 0/0 23:56 2:07 3:38
Steve Downie 1 0 1 1 0 3 3 0 0 0 0/0 18:51 1:45 3:59
Tim Ramholt 0 0 0 0 0 1 0 2 0 1 0/0 17:12 0:00 4:18
Tyler Johnson 0 0 0 0 0 1 1 1 0 1 4/10 16:37 1:51 3:43
3 Stars
1 - Mike Brodeur (SJS)
2 - Steve Downie (Det)
3 - Andrej Sekera (SJS)
Power Play
Sharks - 0 on 4 Attempt(s) - 0.00%
Red Wings - 0 on 2 Attempt(s) - 0.00%
Penalty Kill
Sharks - 2 on 2 Attempt(s) - 100.00%
- Score 0 goal in Penalty Kill
Red Wings - 4 on 4 Attempt(s) - 100.00%
- Score 0 goal in Penalty Kill
Team Stat
Sharks - Hits : 19 - Faceoff Wins : 23 - Blocked Shots : 11 - Penalty Minutes : 4
Red Wings - Hits : 19 - Faceoff Wins : 28 - Blocked Shots : 9 - Penalty Minutes : 8
Official
Referees : Kowal Tom and Martell Rob
Linesman : Brian Mach and David Brisebois
Game Notes
No Game Note
Finance
Level 1 -- Attendance: 5758 (95.97%) -- Ticket Income $431,850
Level 2 -- Attendance: 4503 (90.06%) -- Ticket Income $216,144
Level 3 -- Attendance: 1762 (88.10%) -- Ticket Income $49,336
Level 4 -- Attendance: 4000 (100.00%) -- Ticket Income $80,000
Luxury Box -- Attendance: 969 (96.90%) -- Ticket Income $150,195
Game was played at the Joe Louis Arena.
Total Attendance: 16992 (94.40%)
Total Ticket Income: $927,525
Other Income: $139,129
Total Income: $1,066,654
Sharks
5 vs 5 Forward
Center Left Wing Right Wing Time % Phy DF OF
1 David Legwand Derek Boogaard Brad Boyes 40 1 2 2
2 Antoine Vermette Ryane Clowe Cal Clutterbuck 30 1 2 2
3 Greg Campbell Erik Cole Martin Erat 20 1 2 2
4 T.J. Hensick Tuomo Ruutu David Legwand 10 1 2 2
5 vs 5 Defense
Defense Defense Time % Phy DF OF
1 Mike Green Lasse Kukkonen 40 1 2 2
2 Kevin Shattenkirk Kim Johnsson 30 1 2 2
3 Mark Streit Andrej Sekera 20 1 2 2
4 Mike Green Lasse Kukkonen 10 1 2 2
PowerPlay Forward
Center Left Wing Right Wing Time % Phy DF OF
1 David Legwand Derek Boogaard Brad Boyes 60 1 2 2
2 Antoine Vermette Ryane Clowe Cal Clutterbuck 40 1 2 2
PowerPlay Defense
Defense Defense Time % Phy DF OF
1 Mike Green Lasse Kukkonen 60 1 2 2
2 Kevin Shattenkirk Kim Johnsson 40 1 2 2
Penalty Kill 4 Players Forward
Center Wing Time % Phy DF OF
1 David Legwand Brad Boyes 60 1 2 2
2 Derek Boogaard Antoine Vermette 40 1 2 2
Penalty Kill 4 Players Defense
Defense Defense Time % Phy DF OF
1 Mike Green Lasse Kukkonen 60 1 2 2
2 Kevin Shattenkirk Kim Johnsson 40 1 2 2
Penalty Kill - 3 Players Forward
Forward Time % Phy DF OF
1 David Legwand 60 1 2 2
2 Brad Boyes 40 1 2 2
Penalty Kill - 3 Players Defense
Defense Defense Time % Phy DF OF
1 Mike Green Lasse Kukkonen 60 1 2 2
2 Kevin Shattenkirk Kim Johnsson 40 1 2 2
4 vs 4 Forward
Center Wing Time % Phy DF OF
1 David Legwand Brad Boyes 60 1 2 2
2 Derek Boogaard Antoine Vermette 40 1 2 2
4 vs 4 Defense
Defense Defense Time % Phy DF OF
1 Mike Green Lasse Kukkonen 60 1 2 2
2 Kevin Shattenkirk Kim Johnsson 40 1 2 2
Last Minutes Offensive
Center Left Wing Right Wing Defense Defense
David Legwand Derek Boogaard Brad Boyes Mike Green Lasse Kukkonen
Last Minutes Defensive
Center Left Wing Right Wing Defense Defense
David Legwand Derek Boogaard Brad Boyes Mike Green Lasse Kukkonen
Goaltenders
Starting : Mike Brodeur
Backup : Frederik Andersen
Extra Forwards
Normal : Oskar Osala, Erik Cole, Greg Campbell - PP : Oskar Osala, Erik Cole - PK : Greg Campbell
Extra Defensemen
Normal : Mark Streit, Andrej Sekera, Kevin Shattenkirk - PP : Mark Streit - PK : Andrej Sekera, Kevin Shattenkirk
Penalty Shots
David Legwand, Brad Boyes, Derek Boogaard, Antoine Vermette, Ryane Clowe
Scratches
Boris Valabik (Bruised Right Leg Injury), Nick Palmieri (Healthy), Damien Brunner (Healthy)
Red Wings
5 vs 5 Forward
Center Left Wing Right Wing Time % Phy DF OF
1 Mike Richards Sean Bergenheim Phil Kessel 35 0 2 3
2 Marc Savard Rick Nash Steve Downie 35 0 2 3
3 Tyler Johnson Adam Henrique Ales Hemsky 20 0 3 2
4 Nate Thompson Alex Picard Mike Brown 10 1 2 2
5 vs 5 Defense
Defense Defense Time % Phy DF OF
1 Shea Weber Filip Kuba 40 0 3 2
2 Jiri Fischer Ole-Kristian Tollefsen 35 0 3 2
3 Brendan Bell Tim Ramholt 15 1 3 1
4 Brendan Bell Tim Ramholt 10 1 3 1
PowerPlay Forward
Center Left Wing Right Wing Time % Phy DF OF
1 Mike Richards Rick Nash Phil Kessel 60 0 1 4
2 Marc Savard Sean Bergenheim Steve Downie 40 0 1 4
PowerPlay Defense
Defense Defense Time % Phy DF OF
1 Shea Weber Ole-Kristian Tollefsen 60 0 2 3
2 Filip Kuba Tyler Johnson 40 0 2 3
Penalty Kill 4 Players Forward
Center Wing Time % Phy DF OF
1 Tyler Johnson Sean Bergenheim 50 1 2 2
2 Rick Nash Steve Downie 50 1 2 2
Penalty Kill 4 Players Defense
Defense Defense Time % Phy DF OF
1 Shea Weber Ole-Kristian Tollefsen 50 1 2 2
2 Jiri Fischer Tim Ramholt 50 1 2 2
Penalty Kill - 3 Players Forward
Forward Time % Phy DF OF
1 Tyler Johnson 60 1 2 2
2 Steve Downie 40 1 2 2
Penalty Kill - 3 Players Defense
Defense Defense Time % Phy DF OF
1 Shea Weber Ole-Kristian Tollefsen 50 1 2 2
2 Jiri Fischer Tim Ramholt 50 1 2 2
4 vs 4 Forward
Center Wing Time % Phy DF OF
1 Mike Richards Rick Nash 60 1 2 2
2 Marc Savard Sean Bergenheim 40 1 2 2
4 vs 4 Defense
Defense Defense Time % Phy DF OF
1 Shea Weber Ole-Kristian Tollefsen 60 1 2 2
2 Jiri Fischer Filip Kuba 40 1 2 2
Last Minutes Offensive
Center Left Wing Right Wing Defense Defense
Mike Richards Rick Nash Phil Kessel Shea Weber Ole-Kristian Tollefsen
Last Minutes Defensive
Center Left Wing Right Wing Defense Defense
Tyler Johnson Rick Nash Steve Downie Shea Weber Ole-Kristian Tollefsen
Goaltenders
Starting : Ilya Bryzgalov
Backup : Michal Neuvirth
Extra Forwards
Normal : Rick Nash, Marc Savard, Tyler Johnson - PP : Steve Downie, Ales Hemsky - PK : Mike Brown
Extra Defensemen
Normal : Shea Weber, Filip Kuba, Brendan Bell - PP : Brendan Bell - PK : Filip Kuba, Brendan Bell
Penalty Shots
Rick Nash, Mike Richards, Steve Downie, Shea Weber, Phil Kessel
Scratches
None
% Time on Ice - Sharks
Lines # - Real PCT - Wanted PCT - Time Play
Normal Forward
1 - 30% - 40% - 14:15
2 - 30% - 30% - 14:03
3 - 28% - 20% - 13:06
4 - 12% - 10% - 5:41
Normal Defense
1 - 38% - 40% - 18:03
2 - 34% - 30% - 15:59
3 - 26% - 20% - 12:06
4 - 2% - 10% - 0:57
PP Forward
1 - 63% - 60% - 5:00
2 - 37% - 40% - 2:56
PP Defense
1 - 60% - 60% - 4:44
2 - 40% - 40% - 3:12
PK Forward
1 - 86% - 60% - 3:24
2 - 14% - 40% - 0:34
PK Defense
1 - 54% - 60% - 2:09
2 - 46% - 40% - 1:49
PK3 Forward
1 - 0% - 60%
2 - 0% - 40%
PK3 Defense
1 - 0% - 60%
2 - 0% - 40%
44 Forward
1 - 0% - 60%
2 - 0% - 40%
44 Defense
1 - 0% - 60%
2 - 0% - 40%
Last Minute Offensive - 0:00
Last Minute Defensive - 1:01
Total
Forward - 60:00
Defense - 60:00
|
% Time on Ice - Red Wings
Lines # - Real PCT - Wanted PCT - Time Play
Normal Forward
1 - 28% - 35% - 13:07
2 - 28% - 35% - 13:07
3 - 23% - 20% - 11:03
4 - 21% - 10% - 9:45
Normal Defense
1 - 38% - 40% - 17:42
2 - 37% - 35% - 17:34
3 - 15% - 15% - 7:14
4 - 10% - 10% - 4:32
PP Forward
1 - 56% - 60% - 2:13
2 - 44% - 40% - 1:45
PP Defense
1 - 53% - 60% - 2:07
2 - 47% - 40% - 1:51
PK Forward
1 - 50% - 50% - 3:57
2 - 50% - 50% - 3:59
PK Defense
1 - 46% - 50% - 3:38
2 - 54% - 50% - 4:18
PK3 Forward
1 - 0% - 60%
2 - 0% - 40%
PK3 Defense
1 - 0% - 50%
2 - 0% - 50%
44 Forward
1 - 0% - 60%
2 - 0% - 40%
44 Defense
1 - 0% - 60%
2 - 0% - 40%
Last Minute Offensive - 1:04
Last Minute Defensive - 0:00
Total
Forward - 60:00
Defense - 60:00
|
Play by Play
1st period
0:01 of 1st period - Mike Richards wins face-off versus David Legwand in neutral zone.
0:52 of 1st period - Snap shot by Adam Henrique.
0:52 of 1st period - Stopped by Mike Brodeur without a rebound.
0:53 of 1st period - Tyler Johnson wins face-off versus David Legwand in Sharks zone.
1:04 of 1st period - Slapshot by Ales Hemsky.
1:04 of 1st period - Stopped by Mike Brodeur with a rebound.
1:06 of 1st period - Slapshot by Ole-Kristian Tollefsen.
1:06 of 1st period - Shot Blocked by Mark Streit.
1:08 of 1st period - Snap shot by Tyler Johnson.
1:08 of 1st period - Deflect By Andrej Sekera.
1:08 of 1st period - Shot Blocked by Mark Streit.
1:08 of 1st period - Puck is out of play.
1:09 of 1st period - Nate Thompson wins face-off versus David Legwand in Sharks zone.
1:42 of 1st period - Erik Cole is hit by Nate Thompson and loses puck.
2:18 of 1st period - Off-side.
2:19 of 1st period - Marc Savard wins face-off versus Antoine Vermette in neutral zone.
2:32 of 1st period - Wrist shot by Rick Nash.
2:32 of 1st period - Stopped by Mike Brodeur with a rebound.
2:44 of 1st period - Derek Boogaard is hit by Mike Richards and loses puck.
2:53 of 1st period - Snap shot by Kevin Shattenkirk.
2:53 of 1st period - Shot Misses the Net.
3:35 of 1st period - Icing by Cal Clutterbuck.
3:36 of 1st period - Tyler Johnson wins face-off versus Greg Campbell in Sharks zone.
3:37 of 1st period - Slapshot by Ales Hemsky.
3:37 of 1st period - Stopped by Mike Brodeur with a rebound.
4:03 of 1st period - Slapshot by Mike Green.
4:03 of 1st period - Stopped by Ilya Bryzgalov with a rebound.
4:31 of 1st period - Snap shot by Rick Nash.
4:31 of 1st period - Shot Misses the Net.
4:33 of 1st period - Slapshot by Brendan Bell.
4:33 of 1st period - Shot Misses the Net.
4:45 of 1st period - Slapshot by David Legwand.
4:45 of 1st period - Shot Misses the Net.
4:47 of 1st period - Slapshot by Mike Green.
4:47 of 1st period - Stopped by Ilya Bryzgalov without a rebound.
4:48 of 1st period - Mike Richards wins face-off versus T.J. Hensick in Red Wings zone.
4:58 of 1st period - Minor Penalty to Mike Richards for Slashing.
4:59 of 1st period - Sean Bergenheim wins face-off versus David Legwand in Red Wings zone.
5:13 of 1st period - Wrist shot by David Legwand.
5:13 of 1st period - Stopped by Ilya Bryzgalov without a rebound.
5:14 of 1st period - David Legwand wins face-off versus Rick Nash in Red Wings zone.
5:15 of 1st period - Slapshot by Derek Boogaard.
5:15 of 1st period - Stopped by Ilya Bryzgalov with a rebound.
5:17 of 1st period - Snap shot by David Legwand.
5:17 of 1st period - Shot Misses the Net.
5:19 of 1st period - Slapshot by Kim Johnsson.
5:19 of 1st period - Shot Misses the Net.
5:21 of 1st period - Slapshot by Kim Johnsson.
5:21 of 1st period - Shot Blocked by Tim Ramholt.
5:23 of 1st period - Wrist shot by Brad Boyes.
5:23 of 1st period - Shot Blocked by Tim Ramholt.
5:25 of 1st period - Slapshot by Kevin Shattenkirk.
5:25 of 1st period - Stopped by Ilya Bryzgalov without a rebound.
5:26 of 1st period - Rick Nash wins face-off versus David Legwand in Red Wings zone.
5:26 of 1st period - Rick Nash is hit by Mike Green.
5:58 of 1st period - Slapshot by Mike Green.
5:58 of 1st period - Stopped by Ilya Bryzgalov without a rebound.
5:59 of 1st period - Derek Boogaard wins face-off versus Rick Nash in Red Wings zone.
6:19 of 1st period - Off-side.
6:20 of 1st period - Tyler Johnson wins face-off versus Antoine Vermette in neutral zone.
6:23 of 1st period - Mike Green is hit by Sean Bergenheim.
6:58 of 1st period - Penalty to Mike Richards is over, Mike Richards is back on ice.
7:05 of 1st period - Snap shot by Martin Erat.
7:05 of 1st period - Stopped by Ilya Bryzgalov with a rebound.
7:42 of 1st period - Snap shot by Steve Downie.
7:42 of 1st period - Shot Misses the Net.
7:44 of 1st period - Slapshot by Rick Nash.
7:44 of 1st period - Deflect By Mike Richards.
7:44 of 1st period - Stopped by Mike Brodeur with a rebound.
7:46 of 1st period - Slapshot by Tim Ramholt.
7:46 of 1st period - Stopped by Mike Brodeur with a rebound.
8:01 of 1st period - Snap shot by Steve Downie.
8:01 of 1st period - Stopped by Mike Brodeur with a rebound.
8:03 of 1st period - Snap shot by Rick Nash.
8:03 of 1st period - Shot Misses the Net.
8:05 of 1st period - Slapshot by Jiri Fischer.
8:05 of 1st period - Shot Misses the Net.
8:07 of 1st period - Snap shot by Mike Richards.
8:07 of 1st period - Stopped by Mike Brodeur with a rebound.
8:09 of 1st period - Snap shot by Mike Richards.
8:09 of 1st period - Stopped by Mike Brodeur without a rebound.
8:10 of 1st period - Tyler Johnson wins face-off versus David Legwand in Sharks zone.
8:19 of 1st period - Wrist shot by Ales Hemsky.
8:19 of 1st period - Shot Hit the Post.
8:21 of 1st period - Snap shot by Adam Henrique.
8:21 of 1st period - Deflect By Tyler Johnson.
8:21 of 1st period - Shot Misses the Net.
8:21 of 1st period - Puck is out of play.
8:22 of 1st period - David Legwand wins face-off versus Tyler Johnson in Sharks zone.
8:33 of 1st period - Ales Hemsky is hit by Andrej Sekera and loses puck.
8:54 of 1st period - Slapshot by Mike Brown.
8:54 of 1st period - Stopped by Mike Brodeur with a rebound.
8:56 of 1st period - Wrist shot by Shea Weber.
8:56 of 1st period - Stopped by Mike Brodeur with a rebound.
9:33 of 1st period - Snap shot by Antoine Vermette.
9:33 of 1st period - Shot Misses the Net.
9:35 of 1st period - Slapshot by Ryane Clowe.
9:35 of 1st period - Shot Blocked by Ole-Kristian Tollefsen.
9:37 of 1st period - Slapshot by Andrej Sekera.
9:37 of 1st period - Shot Misses the Net.
9:45 of 1st period - Snap shot by Antoine Vermette.
9:45 of 1st period - Stopped by Ilya Bryzgalov with a rebound.
9:47 of 1st period - Slapshot by Andrej Sekera.
9:47 of 1st period - Goal by Andrej Sekera - Sharks : 1 - Red Wings : 0.
9:48 of 1st period - Marc Savard wins face-off versus David Legwand in neutral zone.
10:17 of 1st period - Wrist shot by Erik Cole.
10:17 of 1st period - Stopped by Ilya Bryzgalov without a rebound.
10:18 of 1st period - Ales Hemsky wins face-off versus David Legwand in Red Wings zone.
10:34 of 1st period - Backhand shot by Derek Boogaard.
10:34 of 1st period - Shot Misses the Net.
11:06 of 1st period - Snap shot by Ales Hemsky.
11:06 of 1st period - Deflect By Tyler Johnson.
11:06 of 1st period - Shot Misses the Net.
11:06 of 1st period - Puck is out of play.
11:07 of 1st period - Mike Richards wins face-off versus David Legwand in Sharks zone.
11:20 of 1st period - Wrist shot by David Legwand.
11:20 of 1st period - Stopped by Ilya Bryzgalov without a rebound.
11:21 of 1st period - Mike Richards wins face-off versus David Legwand in Red Wings zone.
11:23 of 1st period - Minor Penalty to Mike Richards for Diving.
11:24 of 1st period - David Legwand wins face-off versus Tyler Johnson in Red Wings zone.
11:35 of 1st period - Off-side.
11:36 of 1st period - David Legwand wins face-off versus Rick Nash in neutral zone.
13:23 of 1st period - Penalty to Mike Richards is over, Mike Richards is back on ice.
13:35 of 1st period - Wrist shot by Nate Thompson.
13:35 of 1st period - Stopped by Mike Brodeur with a rebound.
14:10 of 1st period - Tim Ramholt is hit by Greg Campbell and loses puck.
15:33 of 1st period - Snap shot by Nate Thompson.
15:33 of 1st period - Deflect By Alex Picard.
15:33 of 1st period - Shot Misses the Net.
15:33 of 1st period - Puck is out of play.
15:34 of 1st period - Greg Campbell wins face-off versus Marc Savard in Sharks zone.
15:38 of 1st period - Off-side.
15:39 of 1st period - Marc Savard wins face-off versus David Legwand in neutral zone.
15:42 of 1st period - Slapshot by Rick Nash.
15:42 of 1st period - Shot Blocked by Kevin Shattenkirk.
15:44 of 1st period - Slapshot by Ole-Kristian Tollefsen.
15:44 of 1st period - Stopped by Mike Brodeur without a rebound.
15:45 of 1st period - Mike Richards wins face-off versus David Legwand in Sharks zone.
15:57 of 1st period - Minor Penalty to Sean Bergenheim for Holding.
15:58 of 1st period - David Legwand wins face-off versus Tyler Johnson in Red Wings zone.
17:57 of 1st period - Penalty to Sean Bergenheim is over, Sean Bergenheim is back on ice.
18:03 of 1st period - Ole-Kristian Tollefsen is hit by Erik Cole and loses puck.
18:53 of 1st period - Ryane Clowe is hit by Filip Kuba and loses puck.
19:00 of 1st period - Snap shot by Marc Savard.
19:00 of 1st period - Shot Blocked by Kevin Shattenkirk.
19:10 of 1st period - Kevin Shattenkirk is hit by Brendan Bell and loses puck.
19:27 of 1st period - Erik Cole is hit by Ole-Kristian Tollefsen.
19:33 of 1st period - Greg Campbell is hit by Tyler Johnson and loses puck.
19:44 of 1st period - Filip Kuba is hit by Tuomo Ruutu and loses puck.
Goals for this period are 1 for Sharks vs 0 for Red Wings.
Shots for this period are 11 for Sharks vs 13 for Red Wings.
2nd period
0:01 of 2nd period - David Legwand wins face-off versus Marc Savard in neutral zone.
0:04 of 2nd period - Slapshot by Lasse Kukkonen.
0:04 of 2nd period - Deflect By David Legwand.
0:04 of 2nd period - Shot Blocked by Jiri Fischer.
0:04 of 2nd period - Puck is out of play.
0:05 of 2nd period - David Legwand wins face-off versus Marc Savard in Red Wings zone.
1:13 of 2nd period - Backhand shot by Mike Green.
1:13 of 2nd period - Stopped by Ilya Bryzgalov with a rebound.
1:15 of 2nd period - Slapshot by Mike Green.
1:15 of 2nd period - Deflect By Filip Kuba.
1:15 of 2nd period - Stopped by Ilya Bryzgalov with a rebound.
1:17 of 2nd period - Slapshot by Mike Green.
1:17 of 2nd period - Shot Blocked by Filip Kuba.
1:19 of 2nd period - Backhand shot by Lasse Kukkonen.
1:19 of 2nd period - Shot Blocked by Alex Picard.
1:42 of 2nd period - Tuomo Ruutu is hit by Steve Downie and loses puck.
2:17 of 2nd period - Andrej Sekera is hit by Brendan Bell and loses puck.
2:58 of 2nd period - Ole-Kristian Tollefsen is hit by Greg Campbell and loses puck.
3:07 of 2nd period - Greg Campbell is hit by Steve Downie and loses puck.
3:24 of 2nd period - Phil Kessel is hit by Antoine Vermette and loses puck.
3:40 of 2nd period - Tim Ramholt is hit by Mike Green and loses puck.
4:15 of 2nd period - Wrist shot by Marc Savard.
4:15 of 2nd period - Stopped by Mike Brodeur with a rebound.
4:25 of 2nd period - Slapshot by Filip Kuba.
4:25 of 2nd period - Stopped by Mike Brodeur with a rebound.
4:58 of 2nd period - Mike Richards is hit by Mike Green and loses puck.
5:03 of 2nd period - Snap shot by Martin Erat.
5:03 of 2nd period - Shot Blocked by Sean Bergenheim.
5:15 of 2nd period - Mike Richards is hit by Andrej Sekera and loses puck.
5:58 of 2nd period - Slapshot by Mike Green.
5:58 of 2nd period - Shot Blocked by Tyler Johnson.
6:00 of 2nd period - Slapshot by Lasse Kukkonen.
6:00 of 2nd period - Deflect By Ole-Kristian Tollefsen.
6:00 of 2nd period - Stopped by Ilya Bryzgalov without a rebound.
6:01 of 2nd period - Marc Savard wins face-off versus Greg Campbell in Red Wings zone.
7:32 of 2nd period - Snap shot by Antoine Vermette.
7:32 of 2nd period - Deflect By Ryane Clowe.
7:32 of 2nd period - Shot Misses the Net.
7:32 of 2nd period - Puck is out of play.
7:33 of 2nd period - Antoine Vermette wins face-off versus Mike Richards in Red Wings zone.
7:58 of 2nd period - Brad Boyes is hit by Marc Savard and loses puck.
8:24 of 2nd period - Snap shot by Ales Hemsky.
8:24 of 2nd period - Stopped by Mike Brodeur with a rebound.
8:36 of 2nd period - Filip Kuba is hit by Antoine Vermette and loses puck.
9:27 of 2nd period - Snap shot by Mike Richards.
9:27 of 2nd period - Shot Misses the Net.
10:04 of 2nd period - Snap shot by Nate Thompson.
10:04 of 2nd period - Deflect By Alex Picard.
10:04 of 2nd period - Shot Blocked by T.J. Hensick.
10:04 of 2nd period - Puck is out of play.
10:05 of 2nd period - Mike Richards wins face-off versus Cal Clutterbuck in Sharks zone.
10:06 of 2nd period - Wrist shot by Sean Bergenheim.
10:06 of 2nd period - Stopped by Mike Brodeur without a rebound.
10:07 of 2nd period - Mike Richards wins face-off versus Antoine Vermette in Sharks zone.
10:32 of 2nd period - Derek Boogaard is hit by Rick Nash and loses puck.
11:13 of 2nd period - Kevin Shattenkirk is hit by Mike Brown and loses puck.
11:46 of 2nd period - Slapshot by Sean Bergenheim.
11:46 of 2nd period - Shot Blocked by David Legwand.
11:48 of 2nd period - Wrist shot by Mike Richards.
11:48 of 2nd period - Shot Misses the Net.
11:50 of 2nd period - Snap shot by Mike Richards.
11:50 of 2nd period - Shot Misses the Net.
12:08 of 2nd period - Ole-Kristian Tollefsen is hit by Kim Johnsson and loses puck.
12:37 of 2nd period - Icing by Lasse Kukkonen.
12:38 of 2nd period - T.J. Hensick wins face-off versus Mike Richards in Sharks zone.
13:34 of 2nd period - Snap shot by Rick Nash.
13:34 of 2nd period - Shot Misses the Net.
13:36 of 2nd period - Wrist shot by Marc Savard.
13:36 of 2nd period - Shot Misses the Net.
13:38 of 2nd period - Slapshot by Shea Weber.
13:38 of 2nd period - Deflect By Martin Erat.
13:38 of 2nd period - Stopped by Mike Brodeur with a rebound.
13:49 of 2nd period - Off-side.
13:50 of 2nd period - Antoine Vermette wins face-off versus Tyler Johnson in neutral zone.
13:57 of 2nd period - Snap shot by Antoine Vermette.
13:57 of 2nd period - Stopped by Ilya Bryzgalov with a rebound.
15:31 of 2nd period - Minor Penalty to David Legwand for Roughing.
15:32 of 2nd period - Rick Nash wins face-off versus Greg Campbell in Sharks zone.
15:38 of 2nd period - Backhand shot by Mike Richards.
15:38 of 2nd period - Shot Misses the Net.
15:46 of 2nd period - Snap shot by Rick Nash.
15:46 of 2nd period - Stopped by Mike Brodeur with a rebound.
15:48 of 2nd period - Snap shot by Mike Richards.
15:48 of 2nd period - Shot Misses the Net.
16:27 of 2nd period - Slapshot by Lasse Kukkonen.
16:27 of 2nd period - Shot Misses the Net.
16:33 of 2nd period - Derek Boogaard is hit by Shea Weber and loses puck.
17:31 of 2nd period - Penalty to David Legwand is over, David Legwand is back on ice.
17:58 of 2nd period - Snap shot by David Legwand.
17:58 of 2nd period - Shot Misses the Net.
18:06 of 2nd period - Minor Penalty to Mike Brown for Hooking.
18:07 of 2nd period - David Legwand wins face-off versus Tyler Johnson in Red Wings zone.
18:20 of 2nd period - Wrist shot by Brad Boyes.
18:20 of 2nd period - Stopped by Ilya Bryzgalov with a rebound.
19:13 of 2nd period - Tyler Johnson is hit by Derek Boogaard and loses puck.
19:20 of 2nd period - Wrist shot by Brad Boyes.
19:20 of 2nd period - Deflect By Derek Boogaard.
19:20 of 2nd period - Shot Misses the Net.
19:20 of 2nd period - Puck is out of play.
19:21 of 2nd period - Cal Clutterbuck wins face-off versus Rick Nash in Red Wings zone.
Goals for this period are 0 for Sharks vs 0 for Red Wings.
Shots for this period are 5 for Sharks vs 6 for Red Wings.
3rd period
0:01 of 3rd period - David Legwand wins face-off versus Rick Nash in neutral zone.
0:06 of 3rd period - Penalty to Mike Brown is over, Mike Brown is back on ice.
0:14 of 3rd period - Wrist shot by David Legwand.
0:14 of 3rd period - Stopped by Ilya Bryzgalov with a rebound.
0:16 of 3rd period - Slapshot by Lasse Kukkonen.
0:16 of 3rd period - Shot Misses the Net.
0:51 of 3rd period - Wrist shot by Rick Nash.
0:51 of 3rd period - Deflect By Steve Downie.
0:51 of 3rd period - Goal by Steve Downie - Sharks : 1 - Red Wings : 1.
0:52 of 3rd period - David Legwand wins face-off versus Phil Kessel in neutral zone.
1:19 of 3rd period - Adam Henrique is hit by Ryane Clowe and loses puck.
2:00 of 3rd period - Snap shot by David Legwand.
2:00 of 3rd period - Shot Misses the Net.
3:05 of 3rd period - Slapshot by Marc Savard.
3:05 of 3rd period - Shot Blocked by Kevin Shattenkirk.
3:07 of 3rd period - Snap shot by Steve Downie.
3:07 of 3rd period - Stopped by Mike Brodeur without a rebound.
3:08 of 3rd period - Mike Richards wins face-off versus Antoine Vermette in Sharks zone.
3:15 of 3rd period - Snap shot by Mike Richards.
3:15 of 3rd period - Deflect By Sean Bergenheim.
3:15 of 3rd period - Stopped by Mike Brodeur without a rebound.
3:16 of 3rd period - Mike Richards wins face-off versus Antoine Vermette in Sharks zone.
3:19 of 3rd period - Snap shot by Mike Richards.
3:19 of 3rd period - Deflect By Phil Kessel.
3:19 of 3rd period - Stopped by Mike Brodeur without a rebound.
3:20 of 3rd period - David Legwand wins face-off versus Marc Savard in Sharks zone.
3:29 of 3rd period - Slapshot by Rick Nash.
3:29 of 3rd period - Shot Misses the Net.
4:33 of 3rd period - Wrist shot by Nate Thompson.
4:33 of 3rd period - Stopped by Mike Brodeur with a rebound.
4:35 of 3rd period - Slapshot by Brendan Bell.
4:35 of 3rd period - Deflect By Mike Brown.
4:35 of 3rd period - Shot Misses the Net.
4:35 of 3rd period - Puck is out of play.
4:36 of 3rd period - Nate Thompson wins face-off versus David Legwand in Sharks zone.
4:46 of 3rd period - Ole-Kristian Tollefsen is hit by Lasse Kukkonen and loses puck.
4:51 of 3rd period - Slapshot by Alex Picard.
4:51 of 3rd period - Shot Misses the Net.
5:01 of 3rd period - Lasse Kukkonen is hit by Ole-Kristian Tollefsen and loses puck.
5:25 of 3rd period - Slapshot by Ole-Kristian Tollefsen.
5:25 of 3rd period - Stopped by Mike Brodeur with a rebound.
5:35 of 3rd period - Snap shot by Brad Boyes.
5:35 of 3rd period - Stopped by Ilya Bryzgalov with a rebound.
5:37 of 3rd period - Snap shot by David Legwand.
5:37 of 3rd period - Shot Misses the Net.
5:39 of 3rd period - Slapshot by Kim Johnsson.
5:39 of 3rd period - Shot Misses the Net.
6:07 of 3rd period - Snap shot by Alex Picard.
6:07 of 3rd period - Shot Blocked by Derek Boogaard.
6:23 of 3rd period - Wrist shot by Brad Boyes.
6:23 of 3rd period - Goal by Brad Boyes - Sharks : 2 - Red Wings : 1.
6:24 of 3rd period - Antoine Vermette wins face-off versus Marc Savard in neutral zone.
6:33 of 3rd period - Snap shot by Ryane Clowe.
6:33 of 3rd period - Shot Misses the Net.
7:05 of 3rd period - Slapshot by Lasse Kukkonen.
7:05 of 3rd period - Stopped by Ilya Bryzgalov with a rebound.
7:11 of 3rd period - Snap shot by Tyler Johnson.
7:11 of 3rd period - Stopped by Mike Brodeur with a rebound.
7:26 of 3rd period - Icing by Shea Weber.
7:27 of 3rd period - T.J. Hensick wins face-off versus Mike Richards in Red Wings zone.
7:28 of 3rd period - Slapshot by Tuomo Ruutu.
7:28 of 3rd period - Shot Blocked by Shea Weber.
7:41 of 3rd period - Wrist shot by Sean Bergenheim.
7:41 of 3rd period - Deflect By Mike Richards.
7:41 of 3rd period - Shot Misses the Net.
7:41 of 3rd period - Puck is out of play.
7:42 of 3rd period - Antoine Vermette wins face-off versus Marc Savard in Sharks zone.
8:58 of 3rd period - Slapshot by Rick Nash.
8:58 of 3rd period - Shot Blocked by Kim Johnsson.
9:00 of 3rd period - Snap shot by Filip Kuba.
9:00 of 3rd period - Shot Hit the Post.
9:12 of 3rd period - Mike Brown is hit by Greg Campbell and loses puck.
9:18 of 3rd period - Off-side.
9:19 of 3rd period - Mike Richards wins face-off versus David Legwand in neutral zone.
9:19 of 3rd period - Mike Richards is hit by Mike Green.
9:28 of 3rd period - Wrist shot by Brad Boyes.
9:28 of 3rd period - Stopped by Ilya Bryzgalov without a rebound.
9:29 of 3rd period - Phil Kessel wins face-off versus David Legwand in Red Wings zone.
9:29 of 3rd period - Mike Richards is hit by Lasse Kukkonen.
9:35 of 3rd period - Wrist shot by Derek Boogaard.
9:35 of 3rd period - Shot Misses the Net.
9:37 of 3rd period - Wrist shot by Brad Boyes.
9:37 of 3rd period - Stopped by Ilya Bryzgalov without a rebound.
9:38 of 3rd period - David Legwand wins face-off versus Marc Savard in Red Wings zone.
9:39 of 3rd period - Snap shot by Brad Boyes.
9:39 of 3rd period - Stopped by Ilya Bryzgalov with a rebound.
9:41 of 3rd period - Slapshot by Brad Boyes.
9:41 of 3rd period - Shot Misses the Net.
9:45 of 3rd period - Snap shot by David Legwand.
9:45 of 3rd period - Stopped by Ilya Bryzgalov with a rebound.
9:47 of 3rd period - Slapshot by Lasse Kukkonen.
9:47 of 3rd period - Deflect By Marc Savard.
9:47 of 3rd period - Stopped by Ilya Bryzgalov with a rebound.
10:03 of 3rd period - Filip Kuba is hit by Erik Cole and loses puck.
10:48 of 3rd period - Wrist shot by Mike Brown.
10:48 of 3rd period - Shot Misses the Net.
10:50 of 3rd period - Snap shot by Mike Brown.
10:50 of 3rd period - Shot Blocked by Lasse Kukkonen.
10:52 of 3rd period - Snap shot by Nate Thompson.
10:52 of 3rd period - Shot Misses the Net.
10:54 of 3rd period - Slapshot by Jiri Fischer.
10:54 of 3rd period - Shot Misses the Net.
10:56 of 3rd period - Slapshot by Nate Thompson.
10:56 of 3rd period - Shot Misses the Net.
11:02 of 3rd period - Minor Penalty to Derek Boogaard for Tripping.
11:03 of 3rd period - Mike Richards wins face-off versus David Legwand in Sharks zone.
13:02 of 3rd period - Penalty to Derek Boogaard is over, Derek Boogaard is back on ice.
13:05 of 3rd period - Slapshot by Alex Picard.
13:05 of 3rd period - Stopped by Mike Brodeur without a rebound.
13:06 of 3rd period - Mike Brown wins face-off versus Greg Campbell in Sharks zone.
13:34 of 3rd period - Slapshot by David Legwand.
13:34 of 3rd period - Stopped by Ilya Bryzgalov without a rebound.
13:35 of 3rd period - Antoine Vermette wins face-off versus Tyler Johnson in Red Wings zone.
13:38 of 3rd period - Snap shot by Cal Clutterbuck.
13:38 of 3rd period - Shot Misses the Net.
13:58 of 3rd period - Mike Green is hit by Steve Downie and loses puck.
17:36 of 3rd period - Lasse Kukkonen is hit by Ole-Kristian Tollefsen and loses puck.
17:49 of 3rd period - Mike Green is hit by Brendan Bell and loses puck.
17:56 of 3rd period - Brad Boyes is hit by Adam Henrique and loses puck.
18:07 of 3rd period - Snap shot by Ales Hemsky.
18:07 of 3rd period - Stopped by Mike Brodeur without a rebound.
18:08 of 3rd period - T.J. Hensick wins face-off versus Mike Richards in Sharks zone.
18:36 of 3rd period - Red Wings, Ilya Bryzgalov is pulled from the net.
18:50 of 3rd period - Wrist shot by T.J. Hensick.
18:50 of 3rd period - Shot Misses the Net.
19:10 of 3rd period - Wrist shot by Mike Richards.
19:10 of 3rd period - Stopped by Mike Brodeur with a rebound.
19:12 of 3rd period - Snap shot by Rick Nash.
19:12 of 3rd period - Shot Blocked by Derek Boogaard.
19:14 of 3rd period - Snap shot by Rick Nash.
19:14 of 3rd period - Stopped by Mike Brodeur without a rebound.
19:15 of 3rd period - Terry Murray call a timeout for Red Wings.
19:15 of 3rd period - Rick Nash wins face-off versus Oskar Osala in Sharks zone.
Goals for this period are 1 for Sharks vs 1 for Red Wings.
Shots for this period are 10 for Sharks vs 11 for Red Wings.
Back to the Top